 Dungeon Crawl Stone Soup version 0.29.1-15-g9cfb28693d (webtiles) character file.

Game seed: 3460119679868846170

300 fozzywoppz the Trooper (level 6, 0/49 HPs)
             Began as a Formicid Abyssal Knight on Mar 12, 2023.
             Was an Elder of Lugonu.
             Slain by a gnoll
             ... wielding a +0 spear
             ... led by a gnoll bouda
              (5 damage)
             ... on level 4 of the Dungeon.
             The game lasted 00:08:05 (3445 turns).

fozzywoppz the Trooper (Formicid Abyssal Knight)    Turns: 3445, Time: 00:08:06

Health: 0/49       AC:  9    Str: 19    XL:     6   Next: 64%
Magic:  9/9        EV:  8    Int: 10    God:    Lugonu [****..]
Gold:   143        SH:  0    Dex: 14    Spells: 5/5 levels left

rFire   . . .      SeeInvis +   a - +1 hand axe
rCold   . . .      Faith    .   (no shield)
rNeg    . . .      Spirit   .   s - +0 chain mail
rPois   .          Reflect  .   (helmet unavailable)
rElec   .          Harm     .   (no cloak)
rCorr   .          Rampage  .   (no gloves)
Will    .....                   (no boots)
Stlth   ..........              (no amulet)
HPRegen 0.16/turn               i - +4 ring of slaying
MPRegen 0.11/turn               n - ring of flight

@: weakened, flying
A: permanent stasis, dig shafts and tunnels, antennae 3, four strong arms
a: Dig, Shaft Self, Renounce Religion, Depart the Abyss, Bend Space, Banish,
Corrupt


You were on level 4 of the Dungeon.
You worshipped Lugonu.
Lugonu was greatly pleased with you.
You visited 1 branch of the dungeon, and saw 4 of its levels.
You visited the Abyss 1 time.

You collected 161 gold pieces.
You spent 18 gold pieces at shops.

Inventory:

Hand Weapons
 a - a +1 hand axe (weapon)
Armour
 s - a +0 chain mail (worn)
Jewellery
 i - a +4 ring of slaying (left hand)
 n - a ring of flight (right hand)
Scrolls
 e - a scroll of blinking {unknown}
 h - a scroll of acquirement {unknown}
 j - a scroll of vulnerability {unknown}
 m - a scroll of poison
 p - 2 scrolls of immolation
 q - 2 scrolls of identify {unknown}
Potions
 d - a potion of curing
 f - a potion of flight {unknown}
 g - a potion of brilliance
 k - 3 potions of magic
 l - a potion of berserk rage {unknown}
 o - 2 potions of mutation {unknown}
 r - a potion of lignification {unknown}


   Skills:
 + Level 4.6 Fighting
 + Level 3.4 Axes
 - Level 3.0 Armour
 + Level 2.7 Dodging
 + Level 4.1 Invocations


You had 5 spell levels left.
You didn't know any spells.
Your spell library contained the following spells:

 Spells                   Type           Power      Damage    Failure   Level
 Sting                    Tmut/Pois      0%         1d3       99%         1
 Poisonous Vapours        Pois/Air       0%         N/A       100%        2
 Conjure Flame            Conj/Fire      0%         6-21      100%        3
 Ignite Poison            Fire/Tmut/Pois 0%         N/A       100%        3
 Olgreb's Toxic Radiance  Pois           0%         N/A       100%        4
 Sticky Flame             Conj/Fire      0%         2d3       100%        4


Dungeon Overview and Level Annotations

Branches:
Dungeon (4/15)
 Temple: D:4-7

Altars:
Dithmenos
Fedhas
Kikubaaqudgha
Makhleb
Ru

Shops:
D:4 *


Innate Abilities, Weirdness & Mutations

You cannot be hasted, slowed, berserked, paralysed or teleported.
You can dig through walls and to a lower floor.
You have a pair of large antennae on your head. (SInv)
Your four strong arms can wield two-handed weapons with a shield.


Message History

You hit the gnoll bouda.
The gnoll bouda is heavily wounded.
The gnoll is no longer moving quickly.
The gnoll barely misses you.
The gnoll bouda hits you with a +0 club!
* * * LOW HITPOINT WARNING * * *
You barely miss the gnoll bouda.
The gnoll bouda is heavily wounded.
The gnoll hits you but does no damage.
Okay, then.
The air fills with toxic fumes!
As you read the scroll labelled CYENTU UZEHE, it crumbles to dust.
It was a scroll of poison.
The gnoll hits you but does no damage.
The gnoll bouda barks out a call to the hunt!
The gnoll picks up the pace!
Unknown command.
You closely miss the gnoll bouda.
The gnoll bouda is heavily wounded.
The gnoll hits you from afar with a +0 spear.
* * * LOW HITPOINT WARNING * * *
The gnoll bouda barely misses you.
Unknown command.
You hit the gnoll bouda. You punch the gnoll bouda.
The gnoll bouda is almost dead.
The gnoll hits you but does no damage.
The gnoll bouda hits you with a +0 club.
* * * LOW HITPOINT WARNING * * *
The gnoll hits you from afar with a +0 spear.
* * * LOW HITPOINT WARNING * * *
You hit the gnoll bouda.
You kill the gnoll bouda!
Lugonu accepts your kill. The gnoll hits you but does no damage.
Unknown command.
Really fly into that cloud of poison gas?
Okay, then.
As you read the scroll labelled NIBAXTU GIACA, it crumbles to dust.
The creatures around you are filled with an inner flame!
It was a scroll of immolation.
The gnoll hits you from afar with a +0 spear.
You die...

#.........# #....#
#......§§.# #§...+
#......§§§+ #§...#
#......§§§###§[..#
#.....)§§§§§§§...#
####.....§§☼§§...#
#.......§g§...#
##########§######
#§§)@§§§§##
#§§§§§§§§§#
#§§§§§§§§§§§
#§§§§§§§§##§ #
######## #§§§§§☼§§#
#
#......####§§§§☼§§☼#
#
#.........§§§§§§§§§#
#
#.......############
# #.......#######


You could see a gnoll (inner flame, swift).

Vanquished Creatures
  A gnoll bouda (D:4)
  3 iron imps (D:3)
  An orc wizard (D:3)
  5 gnolls
  3 adders
  A worm (D:3)
  4 dart slugs
  6 endoplasms
  6 giant cockroaches
  5 goblins
  7 hobgoblins
  4 jackals (D:1)
  2 quokkas
  8 ball pythons
  3 bats
  4 frilled lizards
  7 kobolds
  4 rats
74 creatures vanquished.

Vanquished Creatures (others)
  5 plants
  2 withered plants (D:3)
7 creatures vanquished.

Grand Total: 81 creatures vanquished

Notes
Turn   | Place    | Note
-------+----------+-------------------------------------------
     0 | Abyss:1  | fozzywoppz the Formicid Abyssal Knight began the quest for
                  | the Orb.
     0 | Abyss:1  | Reached XP level 1. HP: 18/18 MP: 2/2
    16 | Abyss:1  | Found a corrupted altar of Lugonu.
    19 | D:1      | Escaped the Abyss
    68 | D:1      | Reached skill level 1 in Dodging
   161 | D:1      | Reached XP level 2. HP: 5/24 MP: 3/3
   401 | D:1      | Found a faded altar of an unknown god.
   756 | D:1      | Reached XP level 3. HP: 22/29 MP: 4/4
  1391 | D:1      | Reached *** piety under Lugonu
  1617 | D:2      | Reached XP level 4. HP: 37/37 MP: 6/6
  1895 | D:2      | Reached XP level 5. HP: 30/42 MP: 7/7
  2375 | D:3      | Found a shadowy altar of Dithmenos.
  2644 | D:3      | Found a burning altar of Makhleb.
  2812 | D:3      | Found an ancient bone altar of Kikubaaqudgha.
  2813 | D:3      | Found a blossoming altar of Fedhas.
  2986 | D:3      | Found a sacrificial altar of Ru.
  3162 | D:3      | Reached XP level 6. HP: 38/48 MP: 8/8
  3332 | D:4      | Found Detihal's CLEARANCE SALE!.
  3363 | D:4      | Bought a potion of curing for 18 gold pieces
  3388 | D:4      | Reached **** piety under Lugonu
  3445 | D:4      | Slain by a gnoll

Illustrated notes

Levels and vault maps discovered:
D:1:      elethiomel_arrival_quiet, layout_loops_corners,
          chequers_ecumenical_altar_island, glass_columns_a, st_stairs_12
D:2:      layout_basic, minmay_shallow_snake_nest
D:3:      layout_basic, grunt_temple_overflow_growth_and_decay,
          nicolae_ru_great_annihilating_truth, demons_altar,
          nicolae_dithmenos_shadow_blocks, serial_bayou_lake_a
D:4:      layout_basic, trog_book, minmay_misc_feat_tower,
          nicolae_shop_clearance

Skill      XL: |  1  2  3  4  5  6 |
---------------+-------------------+-----
Dodging        | 1 2 |  2.7
Armour         | 3 |  3.0
Invocations    | 3 4 |  4.1
Fighting       | 4 |  4.6
Axes           | 3 |  3.4

Action                   |  1- 3 |  4- 6 || total
-------------------------+-------+-------++-------
Melee: Hand axe          |    84 |   136 ||   220
       Punch             |       |     2 ||     2
  Use: Potion            |       |     5 ||     5
       Scroll            |       |     2 ||     2
 Stab: Paralysed         |       |     4 ||     4
Armor: Leather armour    |    23 |    14 ||    37
       Chain mail        |       |    27 ||    27
Dodge: Dodged            |    55 |    89 ||   144
